 Dungeon Crawl Stone Soup version 0.31-a0-222-gefeffbb62a (webtiles) character file.

Game seed: 5666082436286963453

478 qw the Chopper (level 7, -1/43 HPs)
             Began as a Gargoyle Fighter on July 4, 2023.
             Was an Initiate of Okawaru.
             Slain by a gnoll
             ... wielding a +0 halberd
             ... led by a gnoll sergeant
              (8 damage)
             ... on level 5 of the Dungeon.
             The game lasted 00:01:44 (3085 turns).

qw the Chopper (Gargoyle Fighter)                   Turns: 3085, Time: 00:01:45

Health: -1/43      AC: 17    Str: 20    XL:     7   Next: 11%
Magic:  7/7        EV:  6    Int:  8    God:    Okawaru [......]
Gold:   301        SH: 10    Dex: 15    Spells: 6/6 levels left

rFire   . . .        Y - +1 war axe (flame)
rCold   . . .        c - +0 buckler
rNeg    + . .        p - +0 plate armour
rPois   inf          j - +0 helmet
rElec   +            (no cloak)
rCorr   .            (no gloves)
SInv    .            (no boots)
Will    ++...        q - amulet of reflection Stlth
                     i - ring of willpower
HPRegen 0.27/turn    (no ring)
MPRegen 0.10/turn

%: reflection
@: about to teleport
A: sickness immunity, AC +4, negative energy resistance 1, electricity
resistance, torment resistance 1, petrification resistance, thin skeletal
structure 1, agile 1, strong-willed 1
a: Renounce Religion


You were on level 5 of the Dungeon.
You worshipped Okawaru.
Okawaru was noncommittal.
You visited 2 branches of the dungeon, and saw 6 of its levels.

You collected 301 gold pieces.


Innate Abilities, Weirdness & Mutations

You are immune to sickness and miasma.
Your stone body is resilient. (AC +4)
You are immune to poison.
You resist negative energy. (rN+)
You are resistant to electric shocks. (rElec)
You are resistant to unholy torment.
You are immune to petrification.
You have a somewhat thin skeletal structure. (Dex +2, Stealth+)
You are agile. (Dex +4, Str/Int -1)
You are strong-willed. (Will+)


   Skills:
 - Level 4.1 Fighting
 + Level 5.9 Axes
 - Level 1.0 Throwing
 - Level 3.2 Armour
 - Level 1.8 Dodging
 - Level 3.2 Shields


You had 6 spell levels left.
You didn't know any spells.
Your spell library was empty.

Inventory:

Hand Weapons
 Y - a +1 war axe of flaming (weapon)
Missiles
 b - 2 boomerangs (quivered)
Armour
 c - a +0 buckler (worn)
 j - a +0 helmet (worn)
 p - a +0 plate armour (worn)
Jewellery
 i - a ring of willpower (left hand)
 q - an amulet of reflection (around neck)
Scrolls
 h - a scroll of vulnerability {unknown}
 l - a scroll of teleportation
Potions
 a - a potion of heal wounds {unknown}
 d - a potion of might
 e - a potion of ambrosia {unknown}
 f - 2 potions of mutation
 g - a potion of brilliance {unknown}
 k - 3 potions of curing
 n - a potion of lignification {unknown}
 o - a potion of attraction {unknown}

Dungeon Overview and Level Annotations

Branches:
Dungeon (5/15)             Temple (1/1) D:4

Altars:
Cheibriados
Fedhas
Gozag
Hepliaklqana
Nemelex Xobeh
Okawaru
Sif Muna
Trog
Uskayaw
Vehumet
Wu Jian
Xom
Yredelemnul
Zin
The Shining One

Annotations:
D:3 exclusion: 2 orc wizards


Message History

The sling bullet hits you!
You closely miss the gnoll sergeant.
The gnoll sergeant is lightly wounded.
The gnoll barely misses you. You block the gnoll sergeant's attack.
The gnoll shoots a sling bullet.
The sling bullet barely misses you. You block the gnoll sergeant's attack.
You block the gnoll's attack.
You slash the gnoll sergeant! You burn the gnoll sergeant.
The gnoll sergeant is severely wounded.
The gnoll shoots a sling bullet.
The sling bullet completely misses you.
The gnoll sergeant hits you with a +0 flail!
The gnoll barely misses you.
You hit the gnoll sergeant but do no damage.
The gnoll sergeant is severely wounded.
You slash the gnoll! You burn the gnoll.
You kill the gnoll!
Okawaru accepts your kill. You block the gnoll sergeant's attack.
You block the gnoll's attack.
You hit the gnoll sergeant. You burn the gnoll sergeant.
The gnoll sergeant is almost dead.
The gnoll sergeant hits you with a +0 flail!
The gnoll hits you but does no damage.
You closely miss the gnoll sergeant.
The gnoll sergeant is almost dead.
The gnoll closely misses you.
You block the gnoll sergeant's attack. x2
The gnoll hits you from afar with a +0 halberd.
3082 ||| READING 2 scrolls of teleportation.
As you read the scroll of teleportation, it crumbles to dust.
You feel strangely unstable. The gnoll sergeant barely misses you.
The gnoll hits you but does no damage.
You barely miss the gnoll sergeant.
The gnoll sergeant is almost dead.
The gnoll sergeant hits you with a +0 flail.
The gnoll hits you but does no damage.
You hit the gnoll sergeant. You burn the gnoll sergeant.
You kill the gnoll sergeant!
Okawaru is honoured by your kill. The gnoll barely misses you.
You have reached level 7!
The gnoll hits you with a +0 halberd!
You die...

......#####..........
........###.%.)......
#......##...........
#..PP...#...........
#..PP.....####......
.####..PP....##
##.... .).....PP....#
.... ......gPP...##
... ..PPP.)@....#
..PPPP)...)[#
...........##
...$.......#
..#####.#..# . ....##
##...# ##... ##.<


You could see a gnoll.

Vanquished Creatures
  A phantom (D:4)
  A gnoll sergeant (D:5)
  A scorpion (D:4)
  A howler monkey (D:5)
  An orc priest (D:4)
  An iguana (D:5)
  An orc wizard (D:4)
  2 gnolls (D:5)
  5 adders
  A white imp (D:5)
  2 dart slugs
  13 orcs
  6 bats
  8 endoplasms
  6 giant cockroaches
  6 goblins
  5 hobgoblins
  2 jackals (D:5)
  5 kobolds
  A quokka (D:2)
  6 ball pythons
  6 frilled lizards
  2 rats
83 creatures vanquished.

Notes
Turn   | Place    | Note
-------+----------+-------------------------------------------
     0 | D:1      | qw the Gargoyle Fighter began the quest for the Orb.
     0 | D:1      | Reached XP level 1. HP: 14/14 MP: 1/1
     0 | D:1      | 0 ||| qw: Version: 0.3-a-46-gb1f654a
     0 | D:1      | 0 ||| qw: Game counter: 949
     0 | D:1      | 0 ||| qw: Melee chars always use a shield: true
     0 | D:1      | 0 ||| qw: God list: Okawaru
     0 | D:1      | 0 ||| qw: Allow faded altars: false
     0 | D:1      | 0 ||| qw: Do Orc after clearing Dungeon:15 true
     0 | D:1      | 0 ||| qw: Do second Lair branch before Depths: true
     0 | D:1      | 0 ||| qw: Lair rune preference: random
     0 | D:1      | 0 ||| qw: Goals: Normal, Zot:1-4, Slime:5, God:TSO, Crypt,
                  | Tomb, Abyss, Pan, Hells, Win
     0 | D:1      | 0 ||| PLANNING D:1-11
    42 | D:1      | Reached skill level 2 in Axes
   108 | D:1      | You fall into a shaft and drop 1 floor!
   130 | D:2      | Reached XP level 2. HP: 14/19 MP: 2/2
   174 | D:2      | 174 ||| Stepping ~*~*~tactically~*~*~ (hiding).
   175 | D:2      | 175 ||| Stepping ~*~*~tactically~*~*~ (hiding).
   177 | D:2      | 177 ||| Stepping ~*~*~tactically~*~*~ (hiding).
   178 | D:2      | 178 ||| Stepping ~*~*~tactically~*~*~ (hiding).
   350 | D:2      | 350 ||| Stepping ~*~*~tactically~*~*~ (stealth).
   365 | D:2      | Reached skill level 3 in Axes
   379 | D:2      | Reached XP level 3. HP: 23/23 MP: 3/3
   434 | D:2      | 434 ||| UPGRADING to +0 helmet.
   439 | D:2      | 439 ||| UPGRADING to amulet of guardian spirit.
   444 | D:2      | 444 ||| UPGRADING to ring of willpower.
   445 | D:2      | 445 ||| DROPPING +6 ring of intelligence.
   446 | D:2      | 446 ||| READING scroll labelled BADEAN JAUQEU.
   447 | D:2      | 447 ||| READING scroll labelled FUAFFO NENKE.
   451 | D:2      | 451 ||| FLEEEEING.
   452 | D:2      | 452 ||| STAIRDANCE
   475 | D:1      | 475 ||| Stepping ~*~*~tactically~*~*~ (stealth).
   737 | D:1      | 737 ||| Stepping ~*~*~tactically~*~*~ (stealth).
   748 | D:1      | 748 ||| Stepping ~*~*~tactically~*~*~ (stealth).
   928 | D:1      | 928 ||| READING scroll labelled SAOXIT OGUOL.
   929 | D:1      | 929 ||| DRINKING 2 murky yellow potions.
  1034 | D:1      | 1034 ||| DROPPING potion of berserk rage.
  1077 | D:2      | 1077 ||| Stepping ~*~*~tactically~*~*~ (stealth).
  1208 | D:2      | Found a shimmering altar of Xom.
  1213 | D:2      | Reached skill level 1 in Throwing
  1278 | D:2      | 1278 ||| DROPPING orb of mayhem.
  1291 | D:3      | Reached XP level 4. HP: 28/28 MP: 4/4
  1396 | D:3      | Found a shimmering blue altar of Sif Muna.
  1405 | D:3      | 1405 ||| READING scroll labelled KESOYTWEDE.
  1406 | D:3      | 1406 ||| DROPPING +0 mace.
  1408 | D:3      | 1408 ||| READING scroll labelled BEASUR ACVIO.
  1410 | D:3      | 1410 ||| Stepping randomly (disturbance).
  1861 | D:3      | Reached skill level 4 in Axes
  1909 | D:3      | 1909 ||| Stepping ~*~*~tactically~*~*~ (hiding).
  2141 | D:3      | 2141 ||| UPGRADING to +0 plate armour.
  2151 | D:3      | 2151 ||| DROPPING +0 scale mail.
  2152 | D:3      | 2152 ||| UPGRADING to amulet of reflection.
  2162 | D:3      | 2162 ||| DROPPING amulet of guardian spirit.
  2163 | D:3      | 2163 ||| READING scroll labelled JOPOCA YPAD.
  2181 | D:3      | 2181 ||| DRINKING 2 ruby potions.
  2181 | D:3      | Gained mutation: You have hidden genetic potential. [potion
                  | of mutation]
  2181 | D:3      | Gained mutation: You have a somewhat thin skeletal
                  | structure. (Dex +2, Stealth+) [potion of mutation]
  2182 | D:3      | 2182 ||| DRINKING 2 dark potions.
  2239 | D:4      | 2239 ||| Stepping ~*~*~tactically~*~*~ (hiding).
  2465 | D:4      | Reached XP level 5. HP: 19/32 MP: 5/5
  2567 | D:4      | 2567 ||| Stepping ~*~*~tactically~*~*~ (water).
  2600 | D:4      | Reached skill level 5 in Axes
  2602 | D:4      | Noticed a phantom
  2603 | D:4      | 2603 ||| Stepping ~*~*~tactically~*~*~ (stealth).
  2604 | D:4      | Gained mutation: You are agile. (Dex +4, Str/Int -1)
                  | [hidden potential]
  2606 | D:4      | 2606 ||| Stepping ~*~*~tactically~*~*~ (stealth).
  2607 | D:4      | 2607 ||| Stepping ~*~*~tactically~*~*~ (stealth).
  2624 | D:4      | Killed a phantom
  2625 | D:4      | Reached skill level 1 in Dodging
  2625 | D:4      | Reached XP level 6. HP: 35/37 MP: 6/6
  2695 | D:4      | 2695 ||| Stepping ~*~*~tactically~*~*~ (stealth).
  2696 | D:4      | 2696 ||| Stepping ~*~*~tactically~*~*~ (stealth).
  2701 | D:4      | 2701 ||| Stepping ~*~*~tactically~*~*~ (stealth).
  2764 | D:4      | Found a staircase to the Ecumenical Temple.
  2765 | D:4      | 2765 ||| PLANNING TEMPLE
  2765 | D:4      | 2765 ||| READING scroll labelled ZORAAPLATEH.
  2774 | Temple   | Entered the Ecumenical Temple
  2775 | Temple   | 2775 ||| PLANNING OKAWARU WORSHIP
  2816 | Temple   | Became a worshipper of Warmaster Okawaru
  2817 | Temple   | 2817 ||| PLANNING D:1-11
  2929 | D:5      | Entered Level 5 of the Dungeon
  2931 | D:5      | 2931 ||| STAIRDANCE
  2943 | D:4      | Gained mutation: You are strong-willed. (Will+) [hidden
                  | potential]
  2943 | D:4      | Lost mutation: You have hidden genetic potential. [hidden
                  | potential expressed]
  3081 | D:5      | HP: 7/38 [gnoll/+0 halberd[a gnoll sergeant] (4)]
  3082 | D:5      | 3082 ||| READING 2 scrolls of teleportation.
  3085 | D:5      | Reached XP level 7. HP: 7/43 MP: 7/7
  3085 | D:5      | Slain by a gnoll

Levels and vault maps discovered:
D:1:      heliophobic_arrival_glass_houses, layout_rooms,
          nicolae_kite_square_tiling_tiny, wander_ebering_terrifying_dragon_lair
D:2:      layout_rooms, basic_altar
D:3:      layout_loops_cross, led_sif_book, saegor_snake_ambush
D:4:      layout_basic, minmay_temple_entry_proselytizer, serial_bayou_lake_a
D:5:      layout_layer_cave, elyvilon_altar_3, mainiacjoe_overflow_chevrons,
          kennysheep_small_spiral, minmay_a_box_with_orc_wizards_in_it
Temple:   nicolae_temple_ecumenical_triangle

Skill      XL: |  1  2  3  4  5  6 |
---------------+-------------------+-----
Axes           | 2 3 4 5 |  5.9
Throwing       | 1 |  1.0
Dodging        | 1 |  1.8
Fighting       | 4 |  4.1
Armour         | |  3.2
Shields        | |  3.2

Action                     |  1- 3 |  4- 6 |  7- 9 || total
---------------------------+-------+-------+-------++-------
  Melee: War axe           |    81 |   145 |       ||   226
  Throw: Javelin           |    24 |     4 |       ||    28
         Boomerang         |       |     9 |       ||     9
    Use: Scroll            |     3 |     5 |       ||     8
         Potion            |     1 |     2 |       ||     3
 Armour: Scale mail        |    43 |    24 |       ||    67
         Plate armour      |       |    66 |       ||    66
  Dodge: Dodged            |    36 |    41 |       ||    77
  Block: Buckler           |    13 |    60 |       ||    73
         Reflection        |       |     4 |       ||     4

Table legend:
 A = Non-vault XP
 B = Vault XP
 C = Vault XP percentage of total XP
 D = Non-vault monster count
 E = Vault monster count
 F = Vault count percentage of total count
                 A         B        C        D         E       F
            +---------+---------+-------+---------+---------+-------
      Total |     612 |      71 |  10.4 |      78 |       5 |   6.0
            +---------+---------+-------+---------+---------+-------
        D:1 |      31 |       1 |   3.1 |      19 |       1 |   5.0
        D:2 |      49 |       0 |   0.0 |      16 |       0 |   0.0
        D:3 |      23 |      29 |  55.8 |      12 |       3 |  20.0
        D:4 |     276 |      41 |  12.9 |      19 |       1 |   5.0
        D:5 |     233 |       0 |   0.0 |      12 |       0 |   0.0
            +---------+---------+-------+---------+---------+-------
